 Dungeon Crawl Stone Soup version 0.27-a0-1158-gaa87e14f67 (webtiles) character file.

Game seed: 8824311468327420667

123 voltaire321 the Caller (level 5, 0/38 HPs)
             Began as a Merfolk Summoner on May 16, 2021.
             Slain by Edmund
             ... wielding a +7 dire flail of venom
              (16 damage)
             ... on level 4 of the Dungeon.
             The game lasted 00:12:15 (4978 turns).

voltaire321 the Caller (Merfolk Summoner)           Turns: 4978, Time: 00:12:16

Health: 0/38       AC:  4    Str:  9    XL:     5   Next: 7%
Magic:  2/8        EV: 13    Int: 15    God:
Gold:   75         SH:  0    Dex: 14    Spells: 3/9 levels left

rFire    . . .     SeeInvis .   e - +1 dagger
rCold    . . .     Faith    .   (no shield)
rNeg     . . .     Spirit   .   a - +0 robe
rPois    .         Reflect  .   (no helmet)
rElec    .         Harm     .   d - +0 cloak
rCorr    .         Rampage  .   (no gloves)
Will     .....                  j - +0 pair of boots
Stlth    ++........             (no amulet)
HPRegen  0.12/turn              (no ring)
MPRegen  0.11/turn              (no ring)

@: slowed, very slow
A: (nimble swimmer 2), mertail
a: no special abilities


You were on level 4 of the Dungeon.
You visited 1 branch of the dungeon, and saw 4 of its levels.

You collected 75 gold pieces.

Inventory:

Hand Weapons
 e - a +1 dagger (weapon)
Missiles
 g - 26 poisoned darts (quivered)
Armour
 a - a +0 robe (worn)
 d - a +0 cloak (worn)
 j - a +0 pair of boots (worn)
Scrolls
 c - 4 scrolls of teleportation
Potions
 b - a potion of ambrosia {unknown}
 k - a potion of curing


   Skills:
 + Level 1.8 Fighting
 + Level 3.6 Dodging
 - Level 2.1 Stealth
 + Level 1.7 Unarmed Combat
 + Level 2.5 Spellcasting
 + Level 4.4 Summonings
 + Level 1.3 Transmutations
 + Level 1.2 Poison Magic


You had 3 spell levels left.
You knew the following spells:

 Your Spells              Type           Power      Damage    Failure   Level
a - Call Imp              Summ           15%        N/A       4%          2
b - Summon Small Mammal   Summ           60%        N/A       3%          1
c - Spider Form           Tmut/Pois      2%         N/A       36%         3

Your spell library contained the following spells:

 Spells                   Type           Power      Damage    Failure   Level
 Call Canine Familiar     Summ           15%        N/A       10%         3
 Beastly Appendage        Tmut           10%        N/A       12%         1
 Wereblood                Tmut           5%         N/A       19%         2
 Summon Guardian Golem    Hex/Summ       8%         N/A       26%         3
 Summon Ice Beast         Ice/Summ       8%         N/A       63%         4
 Summon Lightning Spire   Summ/Air       8%         N/A       63%         4
 Ice Form                 Ice/Tmut       3%         N/A       85%         4
 Hydra Form               Tmut           2%         N/A       98%         5


Dungeon Overview and Level Annotations

Branches:
Dungeon (4/15)
 Temple: D:4-7

Altars:
Vehumet

Annotations:
D:3 exclusion: statue
D:4 Edmund


Innate Abilities, Weirdness & Mutations

((You are quick and stealthy near water. (Stealth+, EV+, Speed+++)))
Your lower body shifts to a powerful aquatic tail in water.


Message History

Things that are here:
a +0 club; a goblin corpse Natasha, Servant of Life and Death comes into view.
Edmund the Younger comes into view.
He is wielding a +7 dire flail of venom.
You hit Natasha.
Natasha is lightly wounded.
Natasha claws you.
Casting: Call Imp (safe; 5% risk of failure)
Confirm with . or Enter, or press ? or * to list all spells.
A beastly little devil appears in a puff of frigid air.
Your white imp disappears in a puff of smoke!
Natasha closely misses you.
You closely miss Natasha.
Natasha is lightly wounded.
Natasha claws you.
Edmund gestures with his flail.
You hit Natasha.
Natasha is moderately wounded.
Natasha claws you!
You hit Natasha but do no damage.
Natasha is moderately wounded.
Natasha stares at you and mumbles some strange words.
You feel yourself slow down.
Your white imp gestures at Natasha.
The puff of frost hits Natasha!
Natasha dies!
Moaning pathetically, Natasha's spirit plunges into the ground.
You have reached level 5!
You feel stronger.
You hit Edmund.
Edmund is lightly wounded.
Edmund barely misses you.
Your white imp barely misses Edmund.
Casting: Call Imp (safe; 4% risk of failure)
Confirm with . or Enter, or press ? or * to list all spells.
A beastly little devil appears in a puff of flame.
Edmund closely misses you.
Your white imp closely misses Edmund.
Your white imp picks up some beetles from the ground and offers them to you.
Your white imp barely misses Edmund.
Edmund hits you with a +7 dire flail of venom!
You die...

#...#
#.#######..
#.### # #..
#.# #.. #.#
#<. #.####
#.. #.#..
#.. #.#ยง#
#..
#.#@#####
#..5@...#
###5###.#
#.# #.# #.#
..# ###


You could see Edmund (ally target), a friendly crimson imp (summoned) and a
friendly white imp (summoned).

Vanquished Creatures
  A bullfrog zombie (D:3)
  2 adders (D:3)
  A dart slug (D:3)
  2 endoplasms
  A giant cockroach (D:4)
  3 goblins
  2 hobgoblins (D:1)
  A quokka (D:3)
  5 ball pythons
  3 frilled lizards
  3 kobolds
24 creatures vanquished.

Vanquished Creatures (collateral kills)
  Natasha (D:4)
  3 adders (D:2)
  A worm (D:2)
  2 dart slugs
  2 orcs
  4 ball pythons
  3 endoplasms
  3 giant cockroaches
  2 goblins
  5 hobgoblins
  4 kobolds
  3 quokkas
  2 bats
  A frilled lizard (D:1)
  2 rats
38 creatures vanquished.

Grand Total: 62 creatures vanquished

Notes
Turn   | Place    | Note
-------+----------+-------------------------------------------
     0 | D:1      | voltaire321 the Merfolk Summoner began the quest for the
                  | Orb.
     0 | D:1      | Reached XP level 1. HP: 13/13 MP: 3/3
   702 | D:1      | Reached XP level 2. HP: 15/20 MP: 1/5
   937 | D:1      | Learned a level 2 spell: Call Imp
  1735 | D:2      | Reached skill level 1 in Fighting
  2182 | D:2      | Reached XP level 3. HP: 26/26 MP: 3/6
  2184 | D:2      | Reached skill level 1 in Unarmed Combat
  2543 | D:2      | Learned a level 3 spell: Spider Form
  3429 | D:3      | Found a radiant altar of Vehumet.
  3512 | D:3      | Noticed a frost-covered statue
  3720 | D:3      | Reached XP level 4. HP: 30/32 MP: 7/7
  3941 | D:3      | Reached skill level 1 in Transmutations
  4595 | D:3      | Reached skill level 1 in Poison Magic
  4969 | D:4      | Noticed Natasha
  4971 | D:4      | Noticed Edmund
  4976 | D:4      | Killed Natasha
  4977 | D:4      | Reached XP level 5. HP: 16/38 MP: 4/8
  4978 | D:4      | Slain by Edmund

Illustrated notes

Levels and vault maps discovered:
D:1:      dpeg_arrival_stone_temple_mockup, layout_basic
D:2:      layout_loops_ring
D:3:      layout_loops_cross, vehumet_statue
D:4:      layout_loops_ring, minmay_misc_feat_nine_boxes, uniq_natasha,
          uniq_sigmund, uniq_robin, uniq_edmund

Skill      XL: |  1  2  3  4 |
---------------+-------------+-----
Dodging        | 3 |  3.6
Fighting       | 1 |  1.8
Unarmed Combat | 1 |  1.7
Transmutations | 1 |  1.3
Poison Magic   | 1 |  1.2
Stealth        | |  2.1
Spellcasting   | |  2.5
Summonings     | |  4.4

Action                   |  1- 3 |  4- 6 || total
-------------------------+-------+-------++-------
Melee: Unarmed           |    36 |       ||    36
       Dagger            |    96 |    58 ||   154
Throw: Dart              |     5 |       ||     5
 Cast: Summon Small Mamm |    18 |       ||    18
       Call Imp          |    28 |    15 ||    43
  Use: Scroll            |       |     7 ||     7
 Stab: Sleeping          |     5 |     1 ||     6
Armor: Robe              |    20 |    12 ||    32
Dodge: Dodged            |    83 |    31 ||   114

Table legend: (Time is in decaauts)
 A = Elapsed time spent in this place.
 B = Non-inter-level travel time spent in this place.
 C = Inter-level travel time spent in this place.
 D = Time resting spent in this place.
 E = Time spent auto-exploring this place.
 F = Levels seen in this place.
 G = Mean time per level.
                   A        B        C        D        E       F      G
               +--------+--------+--------+--------+--------+-----+--------+
         Total |   4976 |   4877 |     99 |   2402 |   1706 |   4 | 1244.0 |
       Dungeon |   4976 |   4877 |     99 |   2402 |   1706 |   4 | 1244.0 |
               +--------+--------+--------+--------+--------+-----+--------+

Top non-repeatable levels by time:
     D:2: 1765 daAuts
     D:1: 1569 daAuts
     D:3: 1433 daAuts
     D:4: 207 daAuts
